 Dungeon Crawl Stone Soup version 0.28-a0-1395-g4f6bc678fa (webtiles) character file.

Game seed: 4266878917723480953

60 eustatius the Covered (level 4, -1/35 HPs)
             Began as a Ghoul Wanderer on Jan 5, 2022.
             Slain by a gnoll (3 damage)
             ... on level 2 of the Dungeon.
             The game lasted 00:10:01 (2041 turns).

eustatius the Covered (Ghoul Wanderer)              Turns: 2041, Time: 00:10:01

Health: -1/35      AC:  7    Str: 19    XL:     4   Next: 4%
Magic:  4/4        EV:  9    Int:  5    God:
Gold:   55         SH:  0    Dex:  8    Spells: 4/5 levels left

rFire   . . .      SeeInvis .   j - +0 mace (vorpal)
rCold   + . .      Faith    .   (no shield)
rNeg    + + +      Spirit   .   c - +0 scale mail
rPois   ∞          Reflect  .   (no helmet)
rElec   .          Harm     .   (no cloak)
rCorr   .          Rampage  .   (no gloves)
Will    .....                   (no boots)
Stlth   ..........              (no amulet)
HPRegen 0.00/turn               (no ring)
MPRegen 0.09/turn               (no ring)

@: inhibited regen
A: claws 1, cold resistance 1, negative energy resistance 3, inhibited
regeneration, torment resistance 2
a: no special abilities


You were on level 2 of the Dungeon.
You visited 1 branch of the dungeon, and saw 2 of its levels.

You collected 55 gold pieces.

Inventory:

Hand Weapons
 a - a +0 hunting sling
 j - a +0 vorpal mace (weapon)
Missiles
 b - 14 sling bullets
 d - 55 stones (quivered)
Armour
 c - a +0 scale mail (worn)
Magical Staves
 e - a staff of conjuration
Scrolls
 f - 2 scrolls of identify {unknown}
 h - 3 scrolls of teleportation {unknown}
 i - a scroll of noise {unknown}
 m - a scroll of silence {unknown}
Potions
 g - a potion of curing {unknown}
 k - a potion of heal wounds {unknown}
 l - a potion of flight {unknown}


   Skills:
 * Level 1.0 Fighting
 + Level 0.2 Maces & Flails
 + Level 1.8 Slings
 + Level 4.2 Armour
 + Level 0.3 Dodging
 - Level 0.2 Stealth
 - Level 0.3 Unarmed Combat
 * Level 1.0 Spellcasting
 * Level 3.5 Earth Magic
 + Level 1.0 Evocations


You had 4 spell levels left.
You knew the following spells:

 Your Spells              Type           Power      Damage    Failure   Level
a - Sandblast             Erth           6%         2d5       32%         1

Your spell library contained the following spells:

 Spells                   Type           Power      Damage    Failure   Level
 Animate Armour           Summ/Erth      4%         N/A       100%        4
 Leda's Liquefaction      Hex/Erth       1%         N/A       100%        4


Dungeon Overview and Level Annotations

Branches:
Dungeon (2/15)

Altars:


Innate Abilities, Weirdness & Mutations

You thrive by killing the living.
You are immune to poison.
You have sharp fingernails.
Your flesh is cold resistant. (rC+)
You are immune to negative energy. (rN+++)
You do not regenerate when monsters are visible.
You are immune to unholy pain and torment.


Message History

The hobgoblin hits you but does no damage.
You closely miss the hobgoblin. The hobgoblin hits you.
You hit the hobgoblin but do no damage. The hobgoblin hits you. x2
You closely miss the hobgoblin.
The hobgoblin hits you but does no damage.
You hit the hobgoblin.
You kill the hobgoblin!
You see here a hobgoblin corpse.
A gnoll comes into view. It is wielding a +0 spear.
The gnoll shouts!
A gnoll is nearby!
A gnoll comes into view. It is wielding a +0 club.
The gnoll shouts!
A gnoll comes into view. It is wielding a +0 spear.
A gnoll comes into view. It is wielding a +0 halberd.
The gnoll shouts!
The gnoll hits you from afar with a +0 spear.
Found a stone staircase leading down.
The gnoll hits you with a +0 spear. The gnoll closely misses you.
The gnoll hits you but does no damage. The gnoll hits you with a +0 club.
The gnoll hits you from afar with a +0 spear.
The gnoll hits you but does no damage. The gnoll closely misses you.
The gnoll closely misses you.
The gnoll hits you from afar with a +0 spear!
You barely miss the gnoll. The gnoll hits you with a +0 club.
The gnoll closely misses you. The gnoll barely misses you.
You barely miss the gnoll. The gnoll hits you but does no damage.
The gnoll hits you from afar with a +0 spear.
* * * LOW HITPOINT WARNING * * *
The gnoll barely misses you.
You closely miss the gnoll. The gnoll hits you with a +0 club.
* * * LOW HITPOINT WARNING * * *
The gnoll hits you from afar with a +0 spear.
* * * LOW HITPOINT WARNING * * *
The gnoll hits you from afar with a +0 halberd.
* * * LOW HITPOINT WARNING * * *
The gnoll hits you but does no damage.
The gnoll hits you from afar with a +0 spear.
You die...

#.. #.#
#####..###.#
...........#
#####......#
###.....#
........g#####.#
####.###gg.....#
#. #g#######
###..##@#
........#
.###.##.#
.###....#
......#.#
......#†#
.##.#.#.#
#.##.#...#
##..#.....#


You could see 4 gnolls.

Vanquished Creatures
  An adder (D:1)
  A worm (D:2)
  3 endoplasms (D:1)
  6 giant cockroaches (D:1)
  A goblin (D:1)
  2 hobgoblins
  10 jackals (D:1)
  A quokka (D:2)
  5 ball pythons (D:1)
  4 bats (D:1)
  3 kobolds
  3 rats
40 creatures vanquished.

Notes
Turn   | Place    | Note
-------+----------+-------------------------------------------
     0 | D:1      | eustatius the Ghoul Wanderer began the quest for the Orb.
     0 | D:1      | eustatius set off with the following items: a +0 hunting
                  | sling, 17 sling bullets, a +0 scale mail, 34 stones; and
                  | the following spell memorised: Sandblast; and the following
                  | spells available to memorise: Animate Armour, Leda's
                  | Liquefaction
     0 | D:1      | Reached XP level 1. HP: 14/14 MP: 1/1
   343 | D:1      | Reached XP level 2. HP: 14/20 MP: 2/2
   798 | D:1      | Reached XP level 3. HP: 7/27 MP: 3/3
  1311 | D:1      | Reached skill level 4 in Armour
  1463 | D:1      | Reached skill level 1 in Fighting
  1799 | D:2      | Reached XP level 4. HP: 35/35 MP: 4/4
  2041 | D:2      | Slain by a gnoll

Illustrated notes

Levels and vault maps discovered:
D:1:      saegor_arrival_miasma, layout_basic
D:2:      layout_basic, basic_altar

Skill      XL: |  1  2  3 |
---------------+----------+-----
Armour         | 4 |  4.2
Fighting       | 1 |  1.0
Maces & Flails | |  0.2
Slings         | |  1.8
Dodging        | |  0.3
Stealth        | |  0.2
Unarmed Combat | |  0.3
Spellcasting   | |  1.0
Earth Magic    | |  3.5
Evocations     | |  1.0

Action                   |  1- 3 |  4- 6 || total
-------------------------+-------+-------++-------
Melee: Unarmed           |    25 |       ||    25
       Mace              |    56 |    16 ||    72
 Fire: Hunting sling     |    55 |       ||    55
 Cast: Sandblast         |     3 |     1 ||     4
Armor: Scale mail        |   136 |    10 ||   146
Dodge: Dodged            |   173 |    13 ||   186

Table legend: (Time is in decaauts)
 A = Elapsed time spent in this place.
 B = Non-inter-level travel time spent in this place.
 C = Inter-level travel time spent in this place.
 D = Time resting spent in this place.
 E = Time spent auto-exploring this place.
 F = Levels seen in this place.
 G = Mean time per level.
                   A        B        C        D        E       F      G
               +--------+--------+--------+--------+--------+-----+--------+
         Total |   2077 |   2008 |     69 |    200 |    870 |   2 | 1038.5 |
       Dungeon |   2077 |   2008 |     69 |    200 |    870 |   2 | 1038.5 |
               +--------+--------+--------+--------+--------+-----+--------+

Top non-repeatable levels by time:
     D:1: 1774 daAuts
     D:2: 303 daAuts
